AoeStats
← O grande

Arabia

510090490Analyzed
1v1 RM · 1d ago on Sep 29, 2026· 54m 37s· 2 players
Game mode
Random Map
Map size
Tiny (2 player)
Population
200
Speed
Normal
Resources
Standard
Victory
Conquest
Starting age
Dark Age
Ending age
Imperial Age
RankedLock teamsTeams togetherTeam positionsShared explorationLock speedFull tech treeHidden civsTurbo modeCheats
Victory
Defeat
🇧🇷 Tatars · Brazil
2084
+16
🇨🇳 Japanese · China
2083
-16
新竹
6:25 Loom
8:49 Feudal Age
8:52 Man-at-Arms
11:15 Double-Bit Axe
17:17 Horse Collar
20:36 Fletching
28:08 Castle Age
27:07 Gold Mining
27:40 Bloodlines
28:06 Town Watch
29:17 Scale Barding Armor
33:12 Forging
42:30 Chain Barding Armor
45:07 Iron Casting
47:41 Bodkin Arrow
51:23 Ballistics
O grande
6:43 Loom
9:16 Feudal Age
11:03 Double-Bit Axe
12:10 Town Watch
14:31 Fletching
21:16 Horse Collar
23:11 Wheelbarrow
27:23 Castle Age
25:25 Gold Mining
28:01 Bodkin Arrow
27:32 Crossbowman
28:31 Bow Saw
28:41 Padded Archer Armor
37:54 Husbandry
38:04 Bloodlines
38:14 Bloodlines
43:08 Leather Archer Armor
45:45 Ballistics
48:14 Scale Barding Armor
50:26 Heavy Plow
50:49 Hand Cart
57:16 Imperial Age
Connection lost

Rejoining the realm…

Still unreachable

The connection could not be restored.

Session expired

The server has moved on; the page needs a fresh start.